 Dungeon Crawl Stone Soup version 0.32-a0-599-gba8f9cf90e (webtiles) character file.

Game seed: 18412343378065052769

3455 YayAnonymity the Severer (level 9, -1/106 HPs)
             Began as a Minotaur Fighter on Mar 3, 2024.
             Was a Follower of Trog.
             Slain by a gnoll sergeant
             ... wielding a +3 spear of venom
              (5 damage)
             ... on level 7 of the Dungeon.
             The game lasted 00:12:50 (7023 turns).

YayAnonymity the Severer (Minotaur Fighter)         Turns: 7023, Time: 00:12:51

Health: -1/106     AC: 15    Str: 25    XL:     9   Next: 78%
Magic:  8/8        EV:  7    Int:  5    God:    Trog [*.....]
Gold:   449        SH:  4    Dex: 10    Spells: 8/8 levels left

rFire   . . .        a - +0 war axe
rCold   . . .        c - +0 buckler
rNeg    . . .        i - +0 plate armour
rPois   .            (helmet restricted)
rElec   .            B - +1 cloak {Stlth+}
rCorr   .            p - +0 pair of gloves
SInv    .            (no boots)
Will    .....        (no amulet) Stlth
                     (no ring)
HPRegen 0.37/turn    (no ring)
MPRegen 0.11/turn

%: no passive effects
@: berserking (expiring), lethally poisoned (-1 -> -4), very quick
A: horns 2, retaliatory headbutt
a: Renounce Religion, Berserk


You were on level 7 of the Dungeon.
You worshipped Trog.
Trog was aware of your devotion.
You visited 1 branch of the dungeon, and saw 7 of its levels.

You collected 449 gold pieces.

Inventory:

Hand Weapons
 a - a +0 war axe (weapon)
 h - the +7 hammer "Jasuolal" {heavy, rN+ Int+3}
   (You found it on level 4 of the Dungeon)

   Int+3:     It affects your intelligence (+3).
   rN+:       It protects you from negative energy.
 l - the +8 falchion "Iqaupig" {spect, rF++ rC++ Will-}
   (You found it on level 2 of the Dungeon)

   rF++:      It greatly protects you from fire.
   rC++:      It greatly protects you from cold.
   Will-:     It decreases your willpower.
 x - a +1 whip of electrocution
 D - a +4 battleaxe
Armour
 c - a +0 buckler (worn)
 i - a +0 plate armour (worn)
 p - a +0 pair of gloves (worn)
 B - a +1 cloak of stealth (worn)
Jewellery
 A - an amulet of the acrobat
Wands
 z - a wand of roots (7) (quivered)
 E - a wand of flame (6)
Scrolls
 b - 2 scrolls of enchant armour {unknown}
 f - 2 scrolls of immolation {unknown}
 k - 4 scrolls of identify {unknown}
 m - a scroll of fog {unknown}
 n - a scroll of brand weapon {unknown}
 r - a scroll of amnesia {unknown}
 t - a scroll of poison {unknown}
 u - a scroll of vulnerability {unknown}
 v - 2 scrolls of noise {unknown}
 w - a scroll of torment {unknown}
 y - 2 scrolls of teleportation {unknown}
 C - 2 scrolls of fear {unknown}
 F - a scroll of blinking {unknown}
Potions
 d - a potion of might
 e - 3 potions of mutation {unknown}
 g - 4 potions of curing {unknown}
 j - 2 potions of attraction {unknown}
 o - 4 potions of brilliance {unknown}
 q - a potion of magic {unknown}
 s - 2 potions of lignification {unknown}


   Skills:
 + Level 4.3 Fighting
 - Level 16.0 Axes
 + Level 4.3 Armour
 + Level 1.0 Dodging
 - Level 4.0 Shields


You had 8 spell levels left.
You didn't know any spells.
Your spell library contained the following spells:

 Spells                   Type           Power      Damage    Failure   Level
 Apportation              Tloc           0%         N/A       100%        1
 Sting                    Conj/Alch      0%         1d3       100%        1
 Jinxbite                 Hex            0%         N/A       100%        2
 Mercury Vapours          Alch/Air       0%         N/A       100%        2
 Dazzling Flash           Conj/Hex       0%         N/A       100%        3
 Inner Flame              Hex/Fire       0%         N/A       100%        3
 Volatile Blastmotes      Fire/Tloc      0%         2d10      100%        3
 Flame Wave               Conj/Fire      0%         2d4       100%        4
 Olgreb's Toxic Radiance  Alch           0%         N/A       100%        4
 Sticky Flame             Fire/Alch      0%         2d4       100%        4
 Alistair's Intoxication  Alch           0%         N/A       100%        5
 Starburst                Conj/Fire      0%         6d3       100%        6
 Maxwell's Capacitive Co  Air            0%         ∞         100%        8


Dungeon Overview and Level Annotations

Branches:
Dungeon (7/15)             Temple (0/1) D:7

Altars:
Makhleb
Ru
Trog
Wu Jian

Shops:
D:4 [*

Annotations:
D:7 2 transporters, MusterMark's ghost, novice CoGl


Innate Abilities, Weirdness & Mutations

You have a pair of horns on your head.
You reflexively headbutt those who attack you in melee.


Message History

You block the gnoll's attack.
You hit the orc priest.
The orc priest is moderately wounded.
You hit the gnoll. x2; The gnoll closely misses you.
You furiously retaliate!
You headbutt the gnoll!
You kill the gnoll!
Trog accepts your kill.
The gnoll sergeant hits you from afar with a +3 spear of venom.
* * * LOW HITPOINT WARNING * * *
You are poisoned.
You hit the orc priest.
The orc priest is heavily wounded.
You slash the gnoll!
You kill the gnoll!
Trog accepts your kill.
You feel sick.
The orc priest invokes the aid of Beogh against you.
Pain shoots through your body!
* * * LOW HITPOINT WARNING * * *
A gnoll comes into view. It is wielding a +0 whip.
You slice the orc priest!!
You kill the orc priest!
Trog accepts your kill.
* * * LOW HITPOINT WARNING * * *
You feel sick.
Your Dodging skill increases to level 1!
* * * LOW HITPOINT WARNING * * *
You feel sick.
The gnoll sergeant completely misses you.
Things that are here:
a +0 dagger; an orc corpse; a jackal corpse You hit the gnoll sergeant.
Your headbutt misses the gnoll sergeant.
The gnoll sergeant is moderately wounded.
You slash the jackal!
You feel the power of Trog in you as your rage grows.
You kill the jackal!
Trog accepts your kill.
The gnoll sergeant hits you with a +3 spear of venom.
You die...

.............##
......#.......######
...................#
.......##########..#
......## ######.#
.....## #....#.#
.....# #....#)#
.....# #''#..g(#)#
#....# .......@()#
.....# ..g....)(.#
.....# ..........#
.....# #''#....#.#
.....# #$ #....#.#
..##.## # #....#.#
......## ######.#
.......######## .#
#...............


You could see a gnoll sergeant (swift) and a gnoll.

Vanquished Creatures
  Pikel (D:4)
  Maggie (D:7)
  Grinder (D:3)
  Sigmund (D:6)
  A wyvern (D:7)
  A water moccasin (D:6)
  Duvessa (D:4)
  A black bear (D:5)
  A sky beast (D:7)
  A wolf (D:7)
  A lemure (D:4)
  Blork the orc (D:4)
  A scorpion (D:7)
  2 gnoll sergeants (D:7)
  11 wights (D:7)
  Dowan (D:4)
  A bombardier beetle (D:5)
  3 hounds
  3 orc priests
  A gnoll bouda (D:7)
  2 jellies (D:5)
  Crazy Yiuf (D:4)
  A sleepcap (D:7)
  An iguana (D:5)
  Natasha (thrice) (D:4)
  3 orc wizards
  18 gnolls
  7 adders
  2 white imps
  2 ufetubi (D:7)
  2 dart slugs
  4 ribbon worms
  15 orcs
  7 endoplasms
  5 giant cockroaches
  5 hobgoblins
  9 jackals
  9 kobolds
  4 quokkas
  11 ball pythons
  5 bats
  10 goblins
  8 rats
169 creatures vanquished.

Notes
Turn   | Place    | Note
-------+----------+-------------------------------------------
     0 | D:1      | YayAnonymity the Minotaur Fighter began the quest for the
                  | Orb.
     0 | D:1      | Reached XP level 1. HP: 19/19 MP: 0/0
   116 | D:1      | Reached XP level 2. HP: 27/27 MP: 1/1
   233 | D:1      | Reached skill level 3 in Axes
   658 | D:2      | Identified the +8 falchion "Iqaupig" {spect, rF++ rC++
                  | Will-}
   742 | D:2      | Reached XP level 3. HP: 32/33 MP: 2/2
   879 | D:2      | Reached skill level 4 in Axes
  1143 | D:2      | Reached XP level 4. HP: 32/40 MP: 3/3
  1562 | D:3      | Noticed Grinder
  1563 | D:3      | Paralysed by Grinder for 5 turns
  1684 | D:3      | Killed Grinder
  1685 | D:3      | Reached skill level 7 in Axes
  1685 | D:3      | Reached XP level 5. HP: 18/46 MP: 4/4
  1685 | D:3      | Reached XP level 6. HP: 20/52 MP: 5/5
  2041 | D:3      | Found an ornate altar of the Wu Jian Council.
  2454 | D:4      | Found a runed translucent door.
  2455 | D:4      | Noticed Crazy Yiuf
  2493 | D:4      | Found Nyntox's Armour Boutique.
  2730 | D:4      | Found Rorchouj's Elemental Accessories.
  2792 | D:4      | Noticed Natasha
  2799 | D:4      | Killed Natasha
  2829 | D:4      | Identified the +4 quarterstaff of Resourcefulness {venom,
                  | ^Drain Str+5 Dex+4}
  2845 | D:4      | Noticed Natasha
  2845 | D:4      | Noticed Blork the orc
  2852 | D:4      | Killed Natasha
  2858 | D:4      | Killed Blork the orc
  2859 | D:4      | Reached skill level 8 in Axes
  2902 | D:4      | Noticed Dowan
  2903 | D:4      | Noticed Duvessa
  2917 | D:4      | Killed Dowan
  2918 | D:4      | Killed Duvessa
  2919 | D:4      | Reached skill level 9 in Axes
  2919 | D:4      | Reached XP level 7. HP: 38/59 MP: 6/6
  3037 | D:4      | Noticed Natasha
  3047 | D:4      | Killed Natasha
  3203 | D:4      | Noticed Pikel
  3218 | D:4      | Killed Pikel
  3219 | D:4      | Reached skill level 11 in Axes
  3219 | D:4      | Reached XP level 8. HP: 41/66 MP: 7/7
  3835 | D:5      | Entered Level 5 of the Dungeon
  4119 | D:5      | Reached skill level 12 in Axes
  5104 | D:6      | Found a sacrificial altar of Ru.
  5403 | D:6      | Found a burning altar of Makhleb.
  5465 | D:6      | Reached skill level 13 in Axes
  5482 | D:6      | Noticed Sigmund
  5747 | D:7      | Noticed Maggie
  5752 | D:7      | Found a staircase to the Ecumenical Temple.
  5837 | D:6      | Noticed a moth of wrath
  5840 | D:6      | Found a bloodstained altar of Trog.
  5857 | D:6      | Became a worshipper of Trog the Wrathful
  5967 | D:6      | Killed Sigmund
  5968 | D:6      | Reached XP level 9. HP: 70/71 MP: 8/8
  5971 | D:6      | Reached skill level 14 in Axes
  6131 | D:4      | Killed Crazy Yiuf
  6147 | D:4      | Identified the +7 hammer "Jasuolal" {heavy, rN+ Int+3}
  6229 | D:7      | Killed Maggie
  6278 | D:7      | Found a transporter.
  6281 | D:7      | Noticed a manticore
  6293 | D:7      | Noticed a white ugly thing
  6293 | D:7      | Noticed MusterMark's ghost (novice CoGl)
  6297 | D:7      | Found a transporter.
  6433 | D:7      | Reached skill level 15 in Axes
  6995 | D:7      | Reached skill level 16 in Axes
  7002 | D:7      | Reached * piety under Trog
  7021 | D:7      | HP: 5/106 [poisoned by a gnoll sergeant]
  7022 | D:7      | Reached skill level 1 in Dodging
  7023 | D:7      | Slain by a gnoll sergeant

Illustrated notes

Levels and vault maps discovered:
D:1:      shiori_arrival_oz, layout_rooms, serial_curves, eino_curves_04,
          eino_curves_02, eino_curves_02, hangedman_decor_points,
          chequers_serial_rivers_micro_d
D:2:      layout_loops_corners
D:3:      layout_loops_ring, nzn_wu_jian_contemplation, uniq_grinder
D:4:      layout_loops_corners, serial_shops, nicolae_shop_tiny_real_fake_doors,
          nicolae_elemental_shop, uniq_crazy_yiuf_cottage, uniq_natasha,
          uniq_duvessa, uniq_pikel, uniq_blork_the_orc
D:5:      layout_basic
D:6:      layout_loops_ring, mainiacjoe_overflow_boulevard, tgw_trog,
          amcnicky_altar_gilded, uniq_sigmund
D:7:      layout_cave_pools, temple_pool_b, gammafunk_ghost_arena,
          serial_gnoll_camp, gnoll_camp_mini_loothouse,
          gnoll_camp_mini_sergeant, gnoll_camp_mini_house, gnoll_camp_medium_02,
          gnoll_camp_mini_hut, uniq_maggie

Skill      XL: |  1  2  3  4  5  6  7  8  9 |
---------------+----------------------------+-----
Axes           | 3 4 7 9 11 13 16 | 16.0
Fighting       | 4 |  4.3
Armour         | 4 |  4.3
Shields        | 4 |  4.0
Dodging        | 1 |  1.0

Action                     |  1- 3 |  4- 6 |  7- 9 || total
---------------------------+-------+-------+-------++-------
  Melee: War axe           |    78 |    91 |   283 ||   452
         Headbutt          |     8 |    25 |    46 ||    79
 Invoke: Berserk           |       |       |     1 ||     1
  Evoke: Wand              |       |       |     2 ||     2
    Use: Potion            |       |       |     1 ||     1
 Armour: Scale mail        |    16 |       |       ||    16
         Plate armour      |    38 |    74 |   212 ||   324
  Dodge: Dodged            |    23 |    22 |    73 ||   118
  Block: Buckler           |    14 |    20 |    38 ||    72

Table legend: (Time is in decaauts)
 A = Elapsed time spent in this place.
 B = Non-inter-level travel time spent in this place.
 C = Inter-level travel time spent in this place.
 D = Time resting spent in this place.
 E = Time spent auto-exploring this place.
 F = Levels seen in this place.
 G = Mean time per level.
                   A        B        C        D        E       F      G
               +--------+--------+--------+--------+--------+-----+--------+
         Total |   7035 |   6560 |    475 |    283 |   5134 |   7 | 1005.0 |
       Dungeon |   7035 |   6560 |    475 |    283 |   5134 |   7 | 1005.0 |
               +--------+--------+--------+--------+--------+-----+--------+

Top non-repeatable levels by time:
     D:4: 1516 daAuts
     D:5: 1205 daAuts
     D:2: 1057 daAuts
     D:7: 1045 daAuts
     D:6: 795 daAuts
     D:3: 779 daAuts
     D:1: 635 daAuts
